 Dungeon Crawl Stone Soup version 0.30-a0-371-gad7725a93e (webtiles) character file.

Game seed: 1958751760948256571

296 voltaire321 the Conjurer (level 6, -1/35 HPs)
             Began as a Deep Elf Conjurer on Nov 21, 2022.
             Slain by Duvessa
             ... wielding a +0 short sword
              (8 damage)
             ... on level 4 of the Dungeon.
             The game lasted 00:09:37 (3068 turns).

voltaire321 the Conjurer (Deep Elf Conjurer)        Turns: 3068, Time: 00:09:37

Health: -1/35      AC:  5    Str:  6    XL:     6   Next: 12%
Magic:  2/15       EV: 13    Int: 29    God:
Gold:   137        SH:  0    Dex: 13    Spells: 11/14 levels left

rFire   . . .      SeeInvis .    p - staff of conjuration
rCold   . . .      Faith    .    (no shield)
rNeg    . . .      Spirit   .    a - +0 robe
rPois   .          Reflect  .    (no helmet)
rElec   .          Harm     .    q - +2 cloak {Will+}
rCorr   .          Rampage  .    (no gloves)
Will    +....                    (no boots)
Stlth   ++........               (no amulet)
HPRegen 0.25/turn                i - +6 ring of intelligence
MPRegen 0.14/turn                (no ring)

@: no status effects
A: no striking features
a: no special abilities


You were on level 4 of the Dungeon.
You visited 1 branch of the dungeon, and saw 4 of its levels.

You collected 137 gold pieces.

Inventory:

Hand Weapons
 d - a +0 dagger
Missiles
 f - 6 poisoned darts
Armour
 a - a +0 robe (worn)
 q - a +2 cloak of willpower (worn)
Magical Staves
 p - a staff of conjuration (weapon)
Jewellery
 i - a +6 ring of intelligence (left hand)
 w - the ring of Piogeu {rF- Will++ Str+2 Dex+6 SInv}
   (You found it on level 3 of the Dungeon)

   [ring of dexterity]

   Str:       It affects your strength (+2).
   Dex:       It affects your dexterity (+6).
   rF:        It makes you vulnerable to fire.
   SInv:      It lets you see invisible.
   Will:      It greatly increases your willpower.
 C - a ring of see invisible
Scrolls
 c - 6 scrolls of identify {unknown}
 g - 2 scrolls of magic mapping {unknown}
 j - a scroll of immolation {unknown}
 n - 2 scrolls of butterflies {unknown}
 o - 2 scrolls of fear {unknown}
 r - 2 scrolls of enchant weapon {unknown}
 u - a scroll of vulnerability {unknown}
 y - a scroll of torment {unknown}
 A - a scroll of blinking {unknown}
Potions
 b - 2 potions of magic
 e - a potion of haste {unknown}
 h - a potion of might {unknown}
 k - 2 potions of curing
 l - a potion of flight {unknown}
 m - a potion of resistance {unknown}
 s - a potion of attraction {unknown}
 t - a potion of heal wounds {unknown}
 v - a potion of berserk rage {unknown}
 x - 2 potions of mutation {unknown}
 z - a potion of degeneration {unknown}
 B - a potion of lignification {unknown}


   Skills:
 + Level 2.2 Fighting
 + Level 4.3 Dodging
 - Level 3.0 Stealth
 + Level 4.9 Spellcasting
 + Level 5.5 Conjurations


You had 11 spell levels left.
You knew the following spells:

 Your Spells              Type           Power      Damage    Failure   Level
a - Magic Dart            Conj           100%       1d8       1%          1
b - Searing Ray           Conj           100%       2d8       1%          2

Your spell library contained the following spells:

 Spells                   Type           Power      Damage    Failure   Level
 Dazzling Flash           Conj/Hex       68%        N/A       6%          3
 Fulminant Prism          Conj/Hex       17%        3d10      21%         4
 Iskenderun's Mystic Bla  Conj/Tloc      34%        2d8       21%         4


Dungeon Overview and Level Annotations

Branches:
Dungeon (4/15)
 Temple: D:4-7

Altars:
Dithmenos

Annotations:
D:4 Duvessa


Message History

The searing ray hits Duvessa.
Duvessa is lightly wounded.
Duvessa misses you. The iguana closely misses you.
The searing ray hits Duvessa.
Duvessa is lightly wounded.
You finish channelling your searing ray.
Duvessa hits you but does no damage.
The iguana bites you but does no damage.
Duvessa hits you with a +0 short sword.
Casting: Searing Ray (safe; 1% risk of failure)
Confirm with . or Enter, or press ? or * to list all spells.
Aiming: Searing Ray (safe; 1% risk of failure)
Press: ? - help, Shift-Dir - straight line, f/p - Duvessa
Aim: Duvessa, wielding a +0 short sword and wearing a +2 leather armour of positive energy (lightly wounded, berserk, 85% to hit)
You feel a surge of power!
The searing ray hits Duvessa.
Duvessa is moderately wounded. (Press . to maintain the ray.) Duvessa hits you with a +0 short sword!
The iguana completely misses you.
The searing ray misses Duvessa.
Duvessa hits you with a +0 short sword! The iguana barely misses you.
Duvessa completely misses you.
The searing ray hits Duvessa!
Duvessa is heavily wounded.
Duvessa closely misses you.
The iguana bites you but does no damage.
It was a potion of curing.
You feel better. Duvessa misses you. The iguana bites you!
Duvessa hits you with a +0 short sword.
Casting: Searing Ray (safe; 1% risk of failure)
Confirm with . or Enter, or press ? or * to list all spells.
Aiming: Searing Ray (safe; 1% risk of failure)
Press: ? - help, Shift-Dir - straight line, f/p - Duvessa
Aim: Duvessa, wielding a +0 short sword and wearing a +2 leather armour of positive energy (heavily wounded, berserk, 85% to hit)
You feel a surge of power!
The searing ray misses Duvessa. (Press . to maintain the ray.) Duvessa hits you with a +0 short sword.
* * * LOW HITPOINT WARNING * * *
The iguana misses you.
The searing ray hits Duvessa but does no damage.
Duvessa is heavily wounded.
Duvessa hits you with a +0 short sword!
You die...

.. ### #..... ... #.###
#..... ...##...## #######..
.. ........####....#... ..
.........#.......... )
#....<........... #.
##..........##..## .
##.####l^......#....###
#.#......@e......###...###
#................####...#.
.................#..)....<
#........#>..............รท
##......####......##......
#......$# #.....####.....
...#.........##.## #..#..
.# #......#####.# ###.##..
#.#...### #.###.......


You could see Duvessa (berserk) and an iguana.

Vanquished Creatures
  A necrophage (D:4)
  Dowan (D:4)
  Crazy Yiuf (D:2)
  4 gnolls (D:2)
  5 adders
  A worm (D:2)
  A dart slug (D:1)
  3 orcs (D:4)
  10 endoplasms
  A giant cockroach (D:3)
  6 goblins
  5 hobgoblins
  3 quokkas
  6 ball pythons
  5 bats
  A frilled lizard (D:2)
  3 kobolds
  10 rats
67 creatures vanquished.

Notes
Turn   | Place    | Note
-------+----------+-------------------------------------------
     0 | D:1      | voltaire321 the Deep Elf Conjurer began the quest for the
                  | Orb.
     0 | D:1      | Reached XP level 1. HP: 10/10 MP: 6/6
   371 | D:1      | Reached XP level 2. HP: 15/15 MP: 4/8
   805 | D:2      | Reached XP level 3. HP: 20/20 MP: 6/9
   873 | D:2      | Learned a level 2 spell: Searing Ray
  1013 | D:2      | Reached skill level 1 in Fighting
  1035 | D:2      | Reached XP level 4. HP: 25/25 MP: 0/11
  1491 | D:2      | Found a shadowy altar of Dithmenos.
  1753 | D:2      | Found a runed translucent door.
  1754 | D:2      | Noticed Crazy Yiuf
  1761 | D:2      | Killed Crazy Yiuf
  1762 | D:2      | Reached skill level 5 in Conjurations
  2163 | D:3      | Reached XP level 5. HP: 29/29 MP: 10/13
  2221 | D:3      | Identified the ring of Piogeu {rF- Will++ Str+2 Dex+6 SInv}
  2930 | D:4      | Noticed Dowan
  2944 | D:4      | Killed Dowan
  2945 | D:4      | Reached XP level 6. HP: 35/35 MP: 8/15
  3054 | D:4      | Noticed Duvessa
  3068 | D:4      | Slain by Duvessa

Illustrated notes

Levels and vault maps discovered:
D:1:      lightli_arrival_lavapool, layout_basic, serial_corexii_hall,
          corexii_hall_statues_i, corexii_hall_statues_deadend
D:2:      layout_basic, basic_altar, uniq_crazy_yiuf_cottage
D:3:      layout_basic
D:4:      layout_cave_pools, nicolae_overflow_squiral, serial_shops,
          nicolae_shop_trees, uniq_duvessa

Skill      XL: |  1  2  3  4  5 |
---------------+----------------+-----
Stealth        | 3 |  3.0
Dodging        | 3 4 |  4.3
Fighting       | 1 2 |  2.2
Spellcasting   | 4 |  4.9
Conjurations   | 5 |  5.5

Action                   |  1- 3 |  4- 6 || total
-------------------------+-------+-------++-------
Melee: Dagger            |     1 |     1 ||     2
 Cast: Magic Dart        |    44 |    73 ||   117
       Searing Ray       |     3 |    11 ||    14
  Use: Potion            |       |     1 ||     1
 Stab: Sleeping          |     1 |       ||     1
Armor: Robe              |     1 |     6 ||     7
Dodge: Dodged            |     5 |    19 ||    24

Table legend: (Time is in decaauts)
 A = Elapsed time spent in this place.
 B = Non-inter-level travel time spent in this place.
 C = Inter-level travel time spent in this place.
 D = Time resting spent in this place.
 E = Time spent auto-exploring this place.
 F = Levels seen in this place.
 G = Mean time per level.
                   A        B        C        D        E       F      G
               +--------+--------+--------+--------+--------+-----+--------+
         Total |   3065 |   3046 |     19 |    512 |   1922 |   4 |  766.2 |
       Dungeon |   3065 |   3046 |     19 |    512 |   1922 |   4 |  766.2 |
               +--------+--------+--------+--------+--------+-----+--------+

Top non-repeatable levels by time:
     D:2: 1205 daAuts
     D:1: 792 daAuts
     D:3: 702 daAuts
     D:4: 365 daAuts
